 Dungeon Crawl Stone Soup version 0.21-a0-328-g6a5e2f3 (webtiles) character file.

745 Hasart the Insei (level 7, -10/46 HPs)
             Began as an Octopode Transmuter on Oct 1, 2017.
             Was an Initiate of Gozag.
             Mangled by an orc warrior
             ... wielding a +0 trident
              (15 damage)
             ... on level 6 of the Dungeon.
             The game lasted 00:12:29 (5313 turns).

Hasart the Insei (Octopode Transmuter)              Turns: 5313, Time: 00:12:30

Health: -10/46     AC:  2    Str:  9    XL:     7   Next: 76%
Magic:  10/10      EV: 14    Int: 18    God:    Gozag
Gold:   265        SH:  0    Dex: 12    Spells: 7/10 levels left

rFire    . . .     SeeInvis .     - Unarmed
rCold    . . .     Gourm    .   (no shield)
rNeg     . . .     Faith    .   (helmet restricted)
rPois    .         Spirit   .   (no amulet)
rElec    .         Reflect  .   (no ring)
rCorr    .         Harm     .   (no ring)
MR       .....     Rnd*Tele +   (no ring)
Stlth    ++........             (no ring)
HPRegen  0.15/turn              (no ring)
MPRegen  0.12/turn              (no ring)
                                (no ring)
                                (no ring)

@: gold aura
A: almost no armour, stealthy swim, amphibious, 8 rings, constrict 8, rugged
brown scales 1, camouflage 1, teleportitis 1, gelatinous body 1, subdued magic 1
a: Potion Petition, Call Merchant, Bribe Branch, Renounce Religion


You were on level 6 of the Dungeon.
You worshipped Gozag.
Gozag was aware of your devotion.
You were not hungry.

You visited 1 branch of the dungeon, and saw 6 of its levels.

You collected 372 gold pieces.
You paid 107 gold pieces to Gozag.

Inventory:

Missiles
 a - 64 arrows
Wands
 e - a wand of digging (8/24)
 l - a wand of random effects (15/48)
Scrolls
 d - 7 scrolls of identify {unknown}
 j - 3 scrolls of remove curse {unknown}
 n - a scroll of fog {unknown}
 o - 3 scrolls of enchant armour {unknown}
 p - 2 scrolls of magic mapping {unknown}
 s - a scroll of blinking {unknown}
Potions
 k - a potion of resistance {unknown}
 m - a potion of magic {unknown}
 r - 2 potions of agility {unknown}
 t - a potion of heal wounds {unknown}
Books
 b - a book of Changes

   Spells                             Type                      Level
   a - Beastly Appendage              Transmutation                1
   b - Sticks to Snakes               Transmutation                2
   c - Spider Form                    Transmutation/Poison         3
   d - Ice Form                       Ice/Transmutation            4
   e - Blade Hands                    Transmutation                5
Comestibles
 c - 2 bread rations
 h - 3 royal jellies


   Skills:
 + Level 2.6 Fighting
 + Level 3.0 Dodging
 + Level 7.1 Unarmed Combat
 - Level 2.0 Spellcasting
 * Level 4.2 Transmutations


You had 7 spell levels left.
You knew the following spells:

 Your Spells              Type           Power        Failure   Level  Hunger
c - Sticks to Snakes      Tmut           ##......     3%          2    ###....
p - Beastly Appendage     Tmut           ##....       2%          1    #......


Dungeon Overview and Level Annotations

Branches:
Dungeon (6/15)
 Temple: D:4-7

Altars:
Ashenzari
Elyvilon
Gozag
Trog
Uskayaw
Wu Jian
Zin

Annotations:
D:3 Sigmund
D:5 Tungsten's ghost, amateur GnWn


Innate Abilities, Weirdness & Mutations

You cannot wear most types of armour.
You are very stealthy in the water. (Stealth+)
You are amphibious.
You can wear up to eight rings at the same time.
You can use your tentacles to constrict eight enemies at once.
Your skin changes colour to match your surroundings (Stealth+).
Your rubbery body absorbs attacks. (AC +1, EV +1)
You are partially covered in rugged brown scales. (AC +1, +3% HP)
You are occasionally teleported next to monsters.
Your spells are a little easier to cast, but a little less powerful.


Message History

The orc warrior closely misses you. The orc closely misses you.
You tentacle-slap the orc but do no damage.
You grab the orc.
The orc is lightly wounded.
You constrict the orc, but do no damage.
The orc warrior misses you. The orc hits you with a whip.
Your magical contamination has completely faded away.
You tentacle-slap the orc.
You kill the orc!
The orc warrior looks more healthy.
The orc warrior closely misses you.
The orc warrior hits you with a trident!!
* * * LOW HITPOINT WARNING * * *
Items here: $ ) [[ 12 gold pieces; a whip; a leather armour; a scale mail You tentacle-slap the orc warrior.
You grab the orc warrior.
The orc warrior is almost dead.
You constrict the orc warrior, but do no damage.
The orc warrior hits you with a trident!
You die...
Your body crumbles into a pile of gold.

.. .. ## ## .# .# .#
## #############
##########.##..o@#...#
................#....#
................+....#
................#....#
................#....#
................#....#
######################


You could see an orc warrior.

Vanquished Creatures
  A centaur (D:6)
  A bullfrog (D:6)
  A scorpion (D:5)
  A bullfrog zombie (D:4)
  A crimson imp (D:5)
  An orc priest (D:5)
  A hound (D:6)
  3 orc wizards
  2 iguanas
  2 worker ants
  A hound skeleton (D:4)
  11 adders
  3 oozes
  3 adder zombies
  2 worms (D:3)
  A dart slug (D:1)
  11 orcs
  3 ball pythons
  A bat zombie (D:1)
  5 giant cockroaches
  8 goblins
  5 hobgoblins
  12 jackals
  6 quokkas
  8 bats
  4 frilled lizards
  A giant cockroach zombie (D:6)
  A jackal zombie (D:5)
  9 kobolds
  3 rats
112 creatures vanquished.

Notes
Turn   | Place    | Note
-------+----------+-------------------------------------------
     0 | D:1      | Hasart the Octopode Transmuter began the quest for the Orb.
     0 | D:1      | Reached XP level 1. HP: 13/13 MP: 3/3
   284 | D:1      | Reached XP level 2. HP: 5/18 MP: 5/5
   839 | D:1      | Reached skill level 4 in Unarmed Combat
   846 | D:1      | Reached XP level 3. HP: 13/23 MP: 6/6
  1767 | D:2      | Reached XP level 4. HP: 28/28 MP: 7/7
  1882 | D:2      | Found a shattered altar of Ashenzari.
  2024 | D:2      | Reached skill level 5 in Unarmed Combat
  2078 | D:2      | Found a hide-covered altar of Uskayaw.
  2084 | D:2      | Found an ornate altar of the Wu Jian Council.
  2504 | D:3      | Found a bloodstained altar of Trog.
  2788 | D:3      | Reached XP level 5. HP: 31/33 MP: 8/8
  2918 | D:3      | Found a glowing silver altar of Zin.
  3126 | D:3      | Found a white marble altar of Elyvilon.
  3142 | D:3      | Noticed Sigmund
  3352 | D:4      | Reached skill level 6 in Unarmed Combat
  3611 | D:4      | Reached XP level 6. HP: 6/38 MP: 9/9
  3960 | D:4      | Learned a level 2 spell: Sticks to Snakes
  4332 | D:5      | Entered Level 5 of the Dungeon
  4334 | D:5      | Noticed Tungsten's ghost (amateur GnWn)
  4411 | D:5      | Found an opulent altar of Gozag.
  4429 | D:5      | Became a worshipper of Gozag Ym Sagoz the Greedy
  4614 | D:5      | Reached XP level 7. HP: 34/44 MP: 10/10
  4841 | D:6      | Reached skill level 7 in Unarmed Combat
  5206 | D:6      | Upgraded the game from 0.21-a0-321-g91e3373 to 0.21-a0-328-g6a5e2f3
  5260 | D:6      | HP: 1/45 [centaur (4)]
  5302 | D:6      | Gained mutation: Your spells are a little easier to cast, but a little less powerful. [potion of mutation]
  5302 | D:6      | Gained mutation: You are occasionally teleported next to monsters. [potion of mutation]
  5302 | D:6      | Gained mutation: You are partially covered in rugged brown scales. (AC +1, +3% HP) [potion of mutation]
  5313 | D:6      | Mangled by an orc warrior

Vault maps used:
D:1:      saegor_arrival_fortress, st_stairs_3
D:2:      ashenzari_altar_1, grunt_temple_overflow_open
D:3:      kennysheep_six_static_rooms, zin_statuary, elyvilon_altar_5,
          trog_three_pillars_becter, uniq_sigmund
D:4:      serial_forest, infiniplex_forest_clump_curved,
          infiniplex_forest_split, infiniplex_forest_side_room,
          infiniplex_forest_clump_tiny, infiniplex_forest_lined_room_,
          infiniplex_forest_clump_medium, first_bread
D:5:      basic_altar, uniq_crazy_yiuf_cottage, uniq_blork_the_orc

Skill      XL: |  1  2  3  4  5  6  7 |
---------------+----------------------+-----
Unarmed Combat | 4 5 6 7 |  7.1
Transmutations | 3 4 |  4.2
Fighting       | 2 |  2.6
Dodging        | 3 |  3.0
Spellcasting   | |  2.0

Action                   |  1- 3 |  4- 6 |  7- 9 || total
-------------------------+-------+-------+-------++-------
Melee: Unarmed           |    64 |   194 |    55 ||   313
       Constrict         |    20 |    49 |    11 ||    80
       Tentacles         |    11 |    29 |    11 ||    51
       Punch             |     3 |     4 |     3 ||    10
       Kick              |       |     1 |       ||     1
 Cast: Beastly Appendage |       |     2 |     4 ||     6
       Sticks to Snakes  |       |       |     7 ||     7
Invok: Potion Petition   |       |       |     1 ||     1
  Use: Potion            |     1 |     1 |     2 ||     4
       Scroll            |       |       |     2 ||     2
 Stab: Sleeping          |     4 |    10 |       ||    14
       Distracted        |     1 |     1 |       ||     2
       Invisible         |       |       |     2 ||     2
  Eat: Chunk             |     3 |     9 |       ||    12
       Meat ration       |       |       |     1 ||     1
Armor: Skin              |    14 |    20 |     1 ||    35
Dodge: Dodged            |    37 |   116 |    45 ||   198

Table legend:
 A = Spawn XP
 B = Non-spawn XP
 C = Spawn XP percentage of total XP
 D = Spawn monster count
 E = Non-spawn monster count
 F = Spawn count percentage of total count
 G = Total turns spent on level
                    A         B        C        D         E        F      G
               +---------+---------+-------+---------+---------+-------+---------
         Total |       0 |    1065 |   0.0 |       0 |     112 |   0.0 |  5313
               +---------+---------+-------+---------+---------+-------+---------
           D:1 |       0 |      42 |   0.0 |       0 |      21 |   0.0 |  1317
           D:2 |       0 |      72 |   0.0 |       0 |      19 |   0.0 |   919
           D:3 |       0 |      78 |   0.0 |       0 |      27 |   0.0 |   961
           D:4 |       0 |     266 |   0.0 |       0 |      19 |   0.0 |  1163
           D:5 |       0 |     221 |   0.0 |       0 |      11 |   0.0 |   403
           D:6 |       0 |     386 |   0.0 |       0 |      15 |   0.0 |   550
               +---------+---------+-------+---------+---------+-------+---------
